 Dungeon Crawl Stone Soup version 0.22-a0-388-g09e6169 (webtiles) character file.

13 JeffiDaFish the Grave Robber (level 2, 0/20 HPs)
             Began as a Draconian Necromancer on Apr 29, 2018.
             Succumbed to Terence's poison
             ... on level 2 of the Dungeon.
             The game lasted 00:02:31 (926 turns).

JeffiDaFish the Grave Robber (Draconian Necromancer) Turns: 926, Time: 00:02:32

Health: 0/20       AC:  6    Str: 10    XL:     2   Next: 24%
Magic:  1/5        EV: 12    Int: 15    God:
Gold:   27         SH:  0    Dex: 11    Spells: 4/5 levels left

rFire    . . .     SeeInvis .   a - +1 short sword
rCold    . . .     Gourm    .   (no shield)
rNeg     . . .     Faith    .   (armour unavailable)
rPois    .         Spirit   .   (helmet restricted)
rElec    .         Reflect  .   g - +0 cloak
rCorr    .         Harm     .   f - +0 pair of gloves
MR       .....                  (no boots)
Stlth    ++........             (no amulet)
HPRegen  0.06/turn              (no ring)
MPRegen  0.09/turn              (no ring)

@: lethally poisoned (0 -> -22)
A: unfitting armour, cold-blooded, AC +4
a: no special abilities


You were on level 2 of the Dungeon.
You were not hungry.

You visited 1 branch of the dungeon, and saw 2 of its levels.

You collected 27 gold pieces.

Inventory:

Hand Weapons
 a - a +1 short sword (weapon)
Armour
 f - a +0 pair of gloves (worn)
 g - a +0 cloak (worn)
Jewellery
 c - an uncursed amulet of the acrobat {unknown}
Scrolls
 d - 2 scrolls of blinking
 e - a scroll of magic mapping
Comestibles
 b - a ration


   Skills:
 + Level 2.1 Dodging
 - Level 1.7 Stealth
 + Level 2.2 Spellcasting
 + Level 4.2 Necromancy


You had 4 spell levels left.
You knew the following spells:

 Your Spells              Type           Power        Failure   Level  Hunger
a - Pain                  Necr           ##..         3%          1    #......


Dungeon Overview and Level Annotations

Branches:
Dungeon (2/15)

Altars:

Annotations:
D:2 Terence


Innate Abilities, Weirdness & Mutations

Your plain brown scales are hard. (AC +4)
You cannot fit into any form of body armour.
You are cold-blooded and may be slowed by cold attacks.


Message History

Casting: Pain (safe; 3% risk of failure)
Confirm with . or Enter, or press ? or * to list all spells.
You don't have enough magic to cast that spell.
Unknown command.
You barely miss Terence.
Terence is heavily wounded.
Terence hits you with a hand axe of venom.
You hit Terence but do no damage.
Terence is heavily wounded.
Terence hits you with a hand axe of venom.
You are lethally poisoned!
You hit Terence.
Terence is heavily wounded.
You feel sick.
Terence hits you with a hand axe of venom.
* * * LOW HITPOINT WARNING * * *
You are more poisoned.
You hit Terence but do no damage.
Your tail-slap misses Terence.
Terence is heavily wounded.
You die...

#.# ## #.# .. #.#
#. #.# ###l###.#
........#
..####.###.#
........r..#######
..###...@@........
#.!###.####### #..
#.# #.. #<# ...
#.# ###. #.# .)
..# #. ###


You could see Terence and a rat.

Vanquished Creatures
  A leopard gecko (D:2)
  3 goblins (D:1)
  3 hobgoblins (D:1)
  A bat (D:1)
  A frilled lizard (D:1)
  2 rats (D:1)
11 creatures vanquished.

Notes
Turn   | Place    | Note
-------+----------+-------------------------------------------
     0 | D:1      | JeffiDaFish the Draconian Necromancer began the quest for the Orb.
     0 | D:1      | Reached XP level 1. HP: 14/14 MP: 3/3
   450 | D:1      | Reached XP level 2. HP: 18/20 MP: 0/5
   914 | D:2      | Noticed Terence
   926 | D:2      | Succumbed to Terence's poison

Vault maps used:
D:1:      dpeg_arrival_orchard
D:2:      uniq_terence

Skill      XL: |  1 |
---------------+----+-----
Dodging        | 2 |  2.1
Stealth        | |  1.7
Spellcasting   | |  2.2
Necromancy     | |  4.2

Action                   || total
-------------------------++-------
Melee: Short sword       ||    11
 Cast: Pain              ||    19
  Use: Scroll            ||     5
       Potion            ||     2
Armor: Skin              ||     1
Dodge: Dodged            ||     2

Table legend:
 A = Spawn XP
 B = Non-spawn XP
 C = Spawn XP percentage of total XP
 D = Spawn monster count
 E = Non-spawn monster count
 F = Spawn count percentage of total count
 G = Total turns spent on level
                    A         B        C        D         E        F      G
               +---------+---------+-------+---------+---------+-------+---------
         Total |       0 |      19 |   0.0 |       0 |      11 |   0.0 |   926
               +---------+---------+-------+---------+---------+-------+---------
           D:1 |       0 |      16 |   0.0 |       0 |      10 |   0.0 |   883
           D:2 |       0 |       3 |   0.0 |       0 |       1 |   0.0 |    43
               +---------+---------+-------+---------+---------+-------+---------
